 Dungeon Crawl Stone Soup version 0.17-a0-1399-gd5b76e1 (webtiles) character file.

190 WellDressedCM the Sneak (level 5, 0/41 HPs)
             Began as a Demigod Assassin on June 18, 2015.
             Shot with an arrow by a centaur (2 damage)
             ... on level 5 of the Dungeon on June 19, 2015.
             The game lasted 00:50:21 (2113 turns).

WellDressedCM the Sneak (Demigod Assassin)          Turns: 2113, Time: 00:50:21

Health: 0/41       AC:  7    Str: 14    XL:     5   Next: 17%
Magic:  7/7        EV: 13    Int: 15    God:
Gold:   98         SH:  0    Dex: 16    Spells: 0 memorised, 4 levels left

rFire  . . .     SeeInvis .     a - +2 dagger
rCold  . . .     Clarity  .     i - +0 leather armour
rNeg   . . .     SustAt   +     (no shield)
rPois  .         Gourm    .     (no helmet)
rElec  .         Spirit   .     A - +1 cloak
rCorr  .         Warding  .     j - +0 pair of gloves
rMut   .         Stasis   .     v - +0 pair of boots
MR     .....                    r - amulet of inaccuracy (curse)
Stlth  +++.......               x - -3 ring of dexterity (curse)
                                z - +1 ring of evasion

@: not resistant to hostile enchantments, fairly stealthy
A: high mp 1, sustain attributes
a: no special abilities


You were on level 5 of the Dungeon.
You were not hungry.

You visited 2 branches of the dungeon, and saw 6 of its levels.

You collected 98 gold pieces.

Inventory:

Hand weapons
 a - a +2 dagger (weapon)
 b - a +0 blowgun
 p - a +0 hunting sling
 t - a cursed -3 falchion
Missiles
 e - 29 poisoned needles
 h - 65 stones (quivered)
 u - 43 arrows
Armour
 c - a +0 robe
 d - a +0 cloak
 i - a +0 leather armour (worn)
 j - a +0 pair of gloves (worn)
 s - a +0 robe
 v - a +0 pair of boots (worn)
 A - a +1 cloak (worn)
Jewellery
 n - an uncursed ring of sustain attributes
 r - a cursed amulet of inaccuracy (around neck)
 x - a cursed -3 ring of dexterity (right hand)
 z - a +1 ring of evasion (left hand)
Magical devices
 o - a wand of enslavement (3)
 y - a wand of polymorph (0)
Scrolls
 w - 2 scrolls of identify
 B - a scroll of amnesia
Potions
 k - a potion of haste
 l - a potion of might
 D - a potion of lignification
 F - a potion of agility
Books
 f - an Akashic Record {highlevel}

   This book is beyond your current level of understanding.

   Spells                             Type                      Level
   a - Dispersal                      Translocation                6
   b - Controlled Blink               Translocation                7
   c - Malign Gateway                 Summoning/Translocation      7
   d - Disjunction                    Translocation                8
   e - Singularity                    Translocation                9
Comestibles
 g - 4 bread rations
 m - 4 fruits
 E - a beef jerky


   Skills:
 + Level 2.0 Fighting
 * Level 2.0 Short Blades
 + Level 2.6 Throwing
 - Level 1.1 Armour
 * Level 1.8 Dodging
 * Level 5.2 Stealth
 * Level 0.1 Spellcasting
 * Level 0.3 Evocations


You had 4 spell levels left.
You didn't know any spells.

Dungeon Overview and Level Annotations

Branches:
Dungeon (5/15)             Temple (1/1) D:4

Shops:
D:4 (


Innate Abilities, Weirdness & Mutations

You have an increased reservoir of magic (+10% MP).
Your attributes are resistant to harm.


Message History

The curare-tipped needle closely misses the centaur.
The centaur shoots an arrow.
The arrow closely misses you.
Firing (i - inventory. (,) - cycle):
q - a curare-tipped needle (quivered)
Press: ? - help, Shift-Dir - straight line, f/p - centaur
Aim: a centaur, wielding a shortbow of velocity You shoot a curare-tipped needle.
The curare-tipped needle hits the centaur.
The centaur is poisoned.
The centaur convulses.
The centaur seems to slow down.
The centaur is heavily wounded.
Firing (i - inventory. (,) - cycle):
e - 30 poisoned needles (quivered)
Press: ? - help, Shift-Dir - straight line, f/p - centaur
Aim: a centaur, wielding a shortbow of velocity (heavily wounded, slow, poisoned)
You shoot a poisoned needle.
The poisoned needle barely misses the centaur.
Wield which item (- for none, * to show all)? (? for menu, Esc to quit)
a - a +2 dagger (weapon)
The centaur shoots an arrow.
The arrow barely misses you.
The centaur shoots an arrow.
The arrow hits you!
* * * LOW HITPOINT WARNING * * *
You die...

######### #. #.
........# #.###.# #
........# #...... .
........# #.....##
........########......##
.......................'
..............#####....'
.(.c...@(((...# #...##
..(.......(...# #..###
.(....>.......# #.....
######......†.#####.....
#..................
#........#########.
..........# #.
...........# ##
...........#


You could see a centaur.

Vanquished Creatures
  A giant frog (D:4)
  A worker ant (D:5)
  2 adders (D:3)
  A shadow imp (D:5)
  An ooze (D:2)
  2 worms
  7 orcs
  A ball python (D:1)
  8 giant cockroaches
  7 goblins
  A hobgoblin (D:4)
  A jackal (D:2)
  2 quokkas
  8 bats
  7 giant newts
  2 kobolds (D:1)
  A quokka skeleton (D:5)
  5 rats
58 creatures vanquished.

Vanquished Creatures (collateral kills)
  An orc (D:3)
  A hobgoblin (D:3)
  A jackal (D:2)
  A giant newt (D:3)
4 creatures vanquished.

Vanquished Creatures (others)
  A jackal (D:2)
1 creature vanquished.

Grand Total: 63 creatures vanquished

Notes
Turn   | Place    | Note
--------------------------------------------------------------
     0 | D:1      | WellDressedCM the Demigod Assassin began the quest for the Orb.
     0 | D:1      | Reached XP level 1. HP: 17/17 MP: 3/3
   230 | D:1      | Reached skill level 4 in Stealth
   274 | D:1      | Reached XP level 2. HP: 12/24 MP: 4/4
   533 | D:2      | Found a glowing golden altar of the Shining One.
   607 | D:2      | Reached skill level 1 in Dodging
   696 | D:3      | Reached XP level 3. HP: 29/29 MP: 5/5
   803 | D:3      | Found a faded altar to an unknown god.
  1341 | D:4      | Found a staircase to the Ecumenical Temple.
  1345 | Temple   | Entered the Ecumenical Temple
  1463 | D:4      | Reached XP level 4. HP: 36/36 MP: 6/6
  1486 | D:4      | Noticed a giant frog
  1490 | D:4      | Killed a giant frog
  1490 | D:4      | Reached skill level 1 in Armour
  1490 | D:4      | Reached skill level 5 in Stealth
  1549 | D:4      | Found a burning altar of Makhleb.
  1554 | D:4      | Found a glowing silver altar of Zin.
  1555 | D:4      | Noticed a cacodemon
  1555 | D:4      | Noticed an angel
  1609 | D:4      | Found Wurymeh's Antique Weapon Shop.
  1784 | D:5      | Entered Level 5 of the Dungeon
  1879 | D:5      | Reached XP level 5. HP: 41/41 MP: 7/7
  1894 | D:5      | Found a shadowy altar of Dithmenos.
  1894 | D:5      | Noticed a phantom
  2020 | D:5      | Noticed a phantom
  2050 | D:5      | Found a shadowy altar of Dithmenos.
  2050 | D:5      | Found a deep blue altar of Sif Muna.
  2079 | D:5      | HP: 1/41 [phantom (6)]
  2106 | D:5      | Noticed a centaur
  2113 | D:5      | HP: 2/41 [centaur/arrow (14)]
  2113 | D:5      | Shot with an arrow by a centaur

Vault maps used:
D:1:      dpeg_arrival_prison
D:2:      nicolae_tso_carved_into_rock
D:3:      grunt_gozag_breadcrumbs, ecumenical_altar_1, first_bread,
          supply_closet_lemuel
D:4:      grunt_temple_overflow_order_and_chaos_2,
          minmay_temple_entry_glassed_door, serial_shops,
          nicolae_shop_waterfront, nicolae_ru_great_annihilating_truth
D:5:      mumra_celtic_spiral_tile, gammafunk_temple_overflow_wave,
          grunt_dithmenos_shadows, uniq_menkaure, uniq_pikel
Temple:   circular_temple_12

Action                   |  1- 3 |  4- 6 || total
-------------------------+-------+-------++-------
Melee: Dagger            |   107 |    64 ||   171
 Fire: Blowgun           |    23 |    11 ||    34
Throw: Stone             |    24 |       ||    24
Evoke: Wand              |     4 |     4 ||     8
  Use: Potion            |     3 |     5 ||     8
       Scroll            |     5 |       ||     5
 Stab: Sleeping          |    14 |     4 ||    18
       Distracted        |       |     1 ||     1
  Eat: Meat ration       |     1 |       ||     1
